 Dungeon Crawl Stone Soup version 0.30-a0-723-gc1506a1cf0 (webtiles) character file.

Game seed: 11591351399321003656

584 jimonade the Covert (level 7, -1/34 HPs)
             Began as a Vine Stalker Brigand on Jan 29, 2023.
             Slain by a hound (3 damage)
             ... on level 4 of the Dungeon.
             The game lasted 00:04:42 (2598 turns).

jimonade the Covert (Vine Stalker Brigand)          Turns: 2598, Time: 00:04:43

Health: -1/34      AC:  4    Str: 14    XL:     7   Next: 37%
Magic:  0/8        EV: 11    Int: 11    God:
Gold:   177        SH:  0    Dex: 17    Spells: 6/6 levels left

rFire   . . .      SeeInvis .    a - +2 dagger (venom)
rCold   . . .      Faith    .    (no shield)
rNeg    . . .      Spirit   +    b - +0 robe
rPois   .          Reflect  .    (no helmet)
rElec   .          Harm     .    c - +1 cloak
rCorr   .          Rampage  .    (no gloves)
Will    .....                    (no boots)
Stlth   ++++                     (no amulet)
HPRegen 1.05/turn                (no ring)
MPRegen 0.11/turn                (no ring)

@: no status effects
A: fangs 2, regeneration 1, magic shield, antimagic bite, no potion heal 2
a: no special abilities


You were on level 4 of the Dungeon.
You visited 1 branch of the dungeon, and saw 4 of its levels.

You collected 177 gold pieces.

Inventory:

Hand Weapons
 a - a +2 dagger of venom (weapon)
 m - a +2 dagger
Missiles
 d - 11 poisoned darts (quivered)
 e - 3 curare-tipped darts
Armour
 b - a +0 robe (worn)
 c - a +1 cloak (worn)
 h - a +0 ring mail
 p - a +0 leather armour
 t - a +0 plate armour
Scrolls
 f - a scroll of silence {unknown}
 g - 3 scrolls of teleportation
 j - a scroll of blinking
 x - 2 scrolls of poison
Potions
 k - a potion of degeneration
 o - 2 potions of heal wounds
 r - a potion of brilliance
 s - a potion of cancellation {unknown}
 u - a potion of attraction
 v - a potion of magic


   Skills:
 - Level 1.7 Fighting
 * Level 5.1 Short Blades
 - Level 1.7 Throwing
 - Level 0.7 Dodging
 + Level 8.7 Stealth


You had 6 spell levels left.
You didn't know any spells.
Your spell library contained the following spells:

 Spells                   Type           Power      Damage    Failure   Level
 Call Canine Familiar     Summ           0%         N/A       71%         3
 Portal Projectile        Hex/Tloc       0%         N/A       71%         3
 Leda's Liquefaction      Hex/Erth       0%         N/A       98%         4


Dungeon Overview and Level Annotations

Branches:
Dungeon (4/15)
 Temple: D:4-7

Altars:
Fedhas
Sif Muna
Yredelemnul
The Shining One

Shops:
D:2 (


Innate Abilities, Weirdness & Mutations

You have extremely sharp teeth.
Your natural rate of healing is unusually fast.
When hurt, damage is shared between your health and your magic reserves.
Your bite disrupts and absorbs the magic of your enemies.
Potions cannot restore your health.


Message History

A kobold comes into view.
It is wielding a +0 whip and quivering poisoned darts.
The kobold attacks as you move away! The kobold hits you with a +0 club.
The kobold attacks as you move away! The kobold closely misses you.
The kobold attacks as you move away! The kobold hits you with a +0 club.
You hit the kobold.
The kobold is poisoned.
The kobold is severely wounded.
The kobold misses you.
You hit the kobold.
You kill the kobold!
You barely miss the ogre. You bite the ogre. You drain its power.
You feel invigorated.
The ogre is lightly wounded.
The ogre closely misses you.
You hit the ogre.
The ogre is moderately wounded.
You hit the ogre.
The ogre is moderately wounded.
The ogre hits you with a +0 giant spiked club!
You hit the ogre but do no damage.
The ogre is poisoned.
You bite the ogre. You drain its power.
You feel invigorated.
The ogre is heavily wounded.
You hit the ogre but do no damage.
The ogre looks as sick as possible!
The ogre is severely wounded.
The ogre hits you with a +0 giant spiked club!!
Ouch! That really hurt!
* * * LOW HITPOINT WARNING * * *
You hit the ogre. You bite the ogre. You drain its power.
You feel invigorated.
The ogre is almost dead.
You kill the ogre!
Your Short Blades skill increases to level 5!
You closely miss the hound. Your bite misses the hound.
The hound closely misses you.
You closely miss the hound. Your bite misses the hound. The hound bites you.
You hit the hound.
The hound is lightly wounded.
The hound pauses to sniff the ground.
The hound bites you.
* * * LOW HITPOINT WARNING * * *
The hound bites you.
You die...

#######
#.....#########
##.............#
##...##########.#
##..#.#........#÷#
...##.#⌠......⌠#.#
#####.#.._.._..#.#
.#..#.'⌠......⌠'@#
).....##########h#
..#...###$$$$###.#
..#...##......##.##
.......##....##...#
...##...#8..8#....#
.#................#
.#......#g...##...#
......$..##..##..##


You could see a hound.

Vanquished Creatures
  Sigmund (D:3)
  A black bear (D:4)
  An ogre (D:4)
  2 scorpions
  A hound (D:3)
  An iguana (D:4)
  An adder (D:3)
  3 dart slugs (D:3)
  6 ball pythons
  9 endoplasms
  2 giant cockroaches
  8 goblins
  4 hobgoblins
  6 kobolds
  4 quokkas
  5 bats
  3 frilled lizards
  13 rats
71 creatures vanquished.

Notes
Turn   | Place    | Note
-------+----------+-------------------------------------------
     0 | D:1      | jimonade the Vine Stalker Brigand began the quest for the
                  | Orb.
     0 | D:1      | Reached XP level 1. HP: 11/11 MP: 2/2
    53 | D:1      | Reached skill level 5 in Stealth
   160 | D:1      | Reached XP level 2. HP: 15/15 MP: 3/3
   535 | D:1      | Reached XP level 3. HP: 18/18 MP: 4/4
   775 | D:2      | Found a glowing golden altar of the Shining One.
   806 | D:2      | Reached skill level 6 in Stealth
   817 | D:2      | Found Sed Zujo's Antique Weapon Boutique.
  1358 | D:3      | Gained mutation: Your natural rate of healing is unusually
                  | fast. [Vine Stalker growth]
  1358 | D:3      | Reached XP level 4. HP: 14/23 MP: 1/5
  1481 | D:3      | Found a shimmering blue altar of Sif Muna.
  1483 | D:3      | Noticed Sigmund
  1511 | D:3      | Killed Sigmund
  1512 | D:3      | Reached skill level 7 in Stealth
  1512 | D:3      | Reached XP level 5. HP: 15/26 MP: 3/6
  1512 | D:3      | Reached XP level 6. HP: 17/30 MP: 3/7
  1698 | D:3      | Reached skill level 8 in Stealth
  2273 | D:4      | Found a basalt altar of Yredelemnul.
  2273 | D:4      | Found a blossoming altar of Fedhas.
  2275 | D:4      | Noticed a black bear
  2319 | D:4      | Killed a black bear
  2320 | D:4      | Reached XP level 7. HP: 19/34 MP: 8/8
  2596 | D:4      | Reached skill level 5 in Short Blades
  2598 | D:4      | Slain by a hound

Illustrated notes

Levels and vault maps discovered:
D:1:      dpeg_arrival_court, layout_loops_ring, minmay_rat_gold_closets
D:2:      layout_rooms, serial_shops, shop, basic_altar
D:3:      layout_basic, mainiacjoe_overflow_cross_hatched, serial_rivers,
          chequers_serial_rivers_micro_e, chequers_serial_rivers_small_a,
          chequers_serial_rivers_large_b, chequers_serial_rivers_large_a,
          chequers_serial_rivers_room_b, chequers_serial_rivers_marsh,
          uniq_sigmund
D:4:      layout_cave_pools, jmf_multi_god_temple,
          mainiacjoe_overflow_large_starburst, minmay_temple_entry_junction,
          roderic_nine_men_s_morris, kennysheep_nondescript, minmay_bent

Skill      XL: |  1  2  3  4  5  6  7 |
---------------+----------------------+-----
Stealth        | 5 6 7 8 |  8.7
Short Blades   | 2 3 4 5 |  5.1
Fighting       | |  1.7
Throwing       | |  1.7
Dodging        | |  0.7

Action                     |  1- 3 |  4- 6 |  7- 9 || total
---------------------------+-------+-------+-------++-------
  Melee: Dagger            |    80 |    54 |    19 ||   153
         Bite              |    14 |    18 |     7 ||    39
         Punch             |     2 |       |       ||     2
    Use: Scroll            |       |    13 |       ||    13
   Stab: Sleeping          |    20 |     7 |       ||    27
 Armour: Robe              |    20 |    14 |       ||    34
  Dodge: Dodged            |    39 |    15 |     7 ||    61

Table legend: (Time is in decaauts)
 A = Elapsed time spent in this place.
 B = Non-inter-level travel time spent in this place.
 C = Inter-level travel time spent in this place.
 D = Time resting spent in this place.
 E = Time spent auto-exploring this place.
 F = Levels seen in this place.
 G = Mean time per level.
                   A        B        C        D        E       F      G
               +--------+--------+--------+--------+--------+-----+--------+
         Total |   2620 |   2567 |     53 |    241 |   1661 |   4 |  655.0 |
       Dungeon |   2620 |   2567 |     53 |    241 |   1661 |   4 |  655.0 |
               +--------+--------+--------+--------+--------+-----+--------+

Top non-repeatable levels by time:
     D:3: 939 daAuts
     D:1: 769 daAuts
     D:2: 500 daAuts
     D:4: 411 daAuts
